[Event "2nd Charlotte Masters 2021"]
[Site "Charlotte"]
[Date "2021.04.09"]
[Round "1.1"]
[White "Liang, Jason"]
[Black "Matta, Nicholas"]
[Result "0-1"]
[ECO "C58"]
[WhiteElo "2351"]
[BlackElo "2201"]
[Annotator "NA"]
[PlyCount "112"]
[EventDate "2021.04.09"]
[EventType "swiss"]
[EventCountry "USA"]
[SourceTitle "playchess.com"]
[Source "ChessBase"]
[SourceQuality "1"]
[TimeControl "5400+30"]

1. e4 e5 2. Nf3 Nc6 3. Bc4 Nf6 4. Ng5 d5 5. exd5 Na5 6. Bb5+ c6 7. dxc6 bxc6 8. Bd3 Nd5 9. Nf3 Bd6 10. O-O Nf4 11. Nc3 Nxd3 12. cxd3 O-O 13. Ne4 Bc7 14. Qc2 c5 15. Qxc5 Ba6 16. b3 Bxd3 17. Re1 Re8 18. Ba3 Bb6 19. Qd6 Nb7 20. Qxd8 Raxd8 21. g4 Rc8 22. Rac1 Rxc1 23. Bxc1 f6 24. Ba3 Rc8 25. Nc3 Kf7 26. Rc1 Ke6 27. Ne1 Bg6 28. Na4 Rxc1 29. Bxc1 Bd4 30. Bb2 Bb1 31. a3 Kd5 32. Bxd4 exd4 33. d3 Nc5 34. Nxc5 Kxc5 35. Kf1 a5 36. Ke2 Ba2 37. b4+ axb4 38. axb4+ Kxb4 39. Nf3 Kc3 40. Nd2 Bd5 41. h4 Kc2 42. f3 Kc3 43. Nf1 Bc6 44. Ng3 Bb5 45. Ne4+ Kc2 46. Nc5 g6 47. f4 f5 48. gxf5 gxf5 49. Ne6 Bxd3+ 50. Kf2 Kc3 51. h5 Be4 52. Nc7 Bc6 53. Ne6 d3 54. Ng5 d2 55. Ke2 Bb5+ 56. Kd1 Ba4+ 0-1

[Event "2nd Charlotte Masters 2021"]
[Site "Charlotte"]
[Date "2021.04.09"]
[Round "1.2"]
[White "Wu, Derek"]
[Black "Wang, Tianqi"]
[Result "0-1"]
[ECO "D00"]
[WhiteElo "2175"]
[BlackElo "2335"]
[Annotator "NA"]
[PlyCount "72"]
[EventDate "2021.04.09"]
[EventType "swiss"]
[EventCountry "USA"]
[SourceTitle "playchess.com"]
[Source "ChessBase"]
[SourceQuality "1"]
[TimeControl "5400+30"]

1. d4 Nf6 2. Bg5 d5 3. Nd2 Nbd7 4. e3 c5 5. dxc5 Nxc5 6. Bxf6 gxf6 7. Bb5+ Bd7 8. Bxd7+ Qxd7 9. Qh5 e6 10. O-O-O Qa4 11. Kb1 Rc8 12. Nb3 Rg8 13. Nh3 Ne4 14. Nf4 Nxf2 15. Nxd5 Rg6 16. Nc3 Qc6 17. Nd4 Qc5 18. Qf3 Nxd1 19. Rxd1 Qb6 20. Nce2 Be7 21. Rd3 Rc7 22. a3 Rd7 23. Nf4 Rg5 24. h4 Rg8 25. Rb3 Qa6 26. Rc3 e5 27. Nd5 Bd8 28. Nf5 e4 29. Qxe4+ Qe6 30. Qb4 Rxd5 31. Nd4 Qd7 32. Nb3 Rg4 33. e4 Rd1+ 34. Ka2 Be7 35. Qa5 b6 36. Qh5 a5 0-1

[Event "2nd Charlotte Masters 2021"]
[Site "Charlotte"]
[Date "2021.04.09"]
[Round "1.3"]
[White "Mardov, Dimitar"]
[Black "Eckert, Doug"]
[Result "1/2-1/2"]
[ECO "C54"]
[WhiteElo "2312"]
[BlackElo "2162"]
[Annotator "NA"]
[PlyCount "79"]
[EventDate "2021.04.09"]
[EventType "swiss"]
[EventCountry "USA"]
[SourceTitle "playchess.com"]
[Source "ChessBase"]
[SourceQuality "1"]
[TimeControl "5400+30"]

1. e4 e5 2. Nf3 Nc6 3. Bc4 Bc5 4. O-O Nf6 5. d3 d6 6. h3 h6 7. c3 O-O 8. a4 a5 9. Re1 Be6 10. Bb5 Bd7 11. d4 Bb6 12. d5 Ne7 13. Nbd2 Ng6 14. Nc4 Ba7 15. Bxd7 Qxd7 16. b4 axb4 17. cxb4 b5 18. Na5 Ne7 19. Qc2 bxa4 20. Bd2 Rfc8 21. Qxa4 Qxa4 22. Rxa4 Bb6 23. Raa1 Nd7 24. g4 Bxa5 25. bxa5 Nc5 26. Ra3 c6 27. dxc6 Nxc6 28. Kg2 Ra6 29. Nh4 Rca8 30. Nf5 Nxa5 31. Rxa5 Rxa5 32. Bxa5 Rxa5 33. Nxd6 f6 34. Nf5 Ra2 35. Re3 Rc2 36. h4 Kh7 37. h5 g6 38. hxg6+ Kxg6 39. Kg3 Rc3 40. f3 1/2-1/2

[Event "2nd Charlotte Masters 2021"]
[Site "Charlotte"]
[Date "2021.04.09"]
[Round "1.4"]
[White "Wu, Rochelle"]
[Black "Colas, Joshua"]
[Result "0-1"]
[ECO "D36"]
[WhiteElo "2132"]
[BlackElo "2298"]
[Annotator "NA"]
[PlyCount "72"]
[EventDate "2021.04.09"]
[EventType "swiss"]
[EventCountry "USA"]
[SourceTitle "playchess.com"]
[Source "ChessBase"]
[SourceQuality "1"]
[TimeControl "5400+30"]

1. d4 d5 2. c4 e6 3. Nc3 Nf6 4. cxd5 exd5 5. Bg5 Nbd7 6. e3 c6 7. Bd3 Be7 8. Qc2 O-O 9. Nge2 Re8 10. O-O Nf8 11. Rac1 g6 12. a3 a5 13. Na4 Ne6 14. Bh4 Ng7 15. Nc5 b6 16. Na4 Bb7 17. h3 Nd7 18. Bg3 b5 19. Nac3 f5 20. Qb3 a4 21. Qa2 Nf6 22. f3 Kh8 23. e4 fxe4 24. fxe4 dxe4 25. Bxe4 Nxe4 26. Nxe4 c5 27. N4c3 b4 28. axb4 cxb4 29. Be5 bxc3 30. Qf7 Rg8 31. Nf4 Qe8 32. Ne6 Qxf7 33. Rxf7 cxb2 34. Rcf1 Bd6 35. Bxg7+ Rxg7 36. Nxg7 Be4 0-1

[Event "2nd Charlotte Masters 2021"]
[Site "Charlotte"]
[Date "2021.04.09"]
[Round "1.6"]
[White "Putnam, Liam"]
[Black "Oberoi, Shelev"]
[Result "0-1"]
[ECO "A65"]
[WhiteElo "2076"]
[BlackElo "2229"]
[Annotator "NA"]
[PlyCount "100"]
[EventDate "2021.04.09"]
[EventType "swiss"]
[EventCountry "USA"]
[SourceTitle "playchess.com"]
[Source "ChessBase"]
[SourceQuality "1"]
[TimeControl "5400+30"]

1. d4 Nf6 2. c4 g6 3. f3 Bg7 4. e4 d6 5. Nc3 O-O 6. Nge2 c5 7. d5 e6 8. Ng3 exd5 9. cxd5 Na6 10. Be2 Bd7 11. O-O h5 12. Be3 Rb8 13. Qd2 Nh7 14. f4 h4 15. Nh1 Re8 16. Nf2 b5 17. a4 Nc7 18. e5 bxa4 19. Nfe4 dxe5 20. Bxc5 Bf5 21. d6 Na8 22. Rxa4 exf4 23. d7 Qxd7 24. Qxd7 Bxd7 25. Rxa7 Be6 26. Rfa1 Nb6 27. Nd6 Red8 28. Rb7 Bd4+ 29. Bxd4 Rxb7 30. Nxb7 Rxd4 31. Nc5 Bf5 32. Ra6 Nd7 33. Nxd7 Bxd7 34. Rb6 h3 35. Rb8+ Kg7 36. Rd8 hxg2 37. Bb5 Ng5 38. h4 Bxb5 39. Rxd4 Nf3+ 40. Kxg2 Nxd4 41. Nxb5 Nxb5 42. Kf3 f5 43. Kxf4 Kf6 44. b3 Nd4 45. b4 Ne6+ 46. Ke3 Ke5 47. b5 Nc5 48. b6 f4+ 49. Kf3 Kf5 50. b7 Nxb7 0-1

[Event "2nd Charlotte Masters 2021"]
[Site "Charlotte"]
[Date "2021.04.12"]
[Round "6.3"]
[White "Mardov, Dimitar"]
[Black "Liang, Jason"]
[Result "1-0"]
[ECO "D13"]
[WhiteElo "2312"]
[BlackElo "2351"]
[Annotator "RC"]
[PlyCount "181"]
[EventDate "2021.04.09"]
[EventType "swiss"]
[EventCountry "USA"]
[SourceTitle "playchess.com"]
[Source "ChessBase"]
[SourceQuality "1"]
[TimeControl "5400+30"]

1. d4 d5 2. c4 c6 3. cxd5 cxd5 4. Nf3 Nf6 5. Nc3 Nc6 6. Bf4 a6 7. e3 Bg4 8. Be2 e6 9. a3 Bd6 10. Bxd6 Qxd6 11. Nd2 Bxe2 12. Qxe2 O-O 13. O-O Rfc8 14. Rfc1 Rc7 15. Na4 Rac8 16. Nb3 e5 17. Qd1 h5 18. h3 g6 19. Rc2 exd4 20. exd4 Re8 21. Re2 Rxe2 22. Qxe2 Re7 23. Qf3 Kg7 24. Rd1 Ne4 25. Nc3 h4 26. Nc5 Nf6 27. Nb3 Nd8 28. Nd2 Re6 29. Nf1 Nc6 30. Ne3 Ne7 31. Rd2 Ne4 32. Rc2 f5 33. Ne2 Nf6 34. Rc1 Re4 35. Rd1 Nc6 36. Nc2 Re7 37. Ne3 Re4 38. Nc2 Ne7 39. Re1 g5 40. Nc3 Rxe1+ 41. Nxe1 Ne4 42. Qe3 Qf6 43. Nf3 f4 44. Qe2 Qf5 45. Nd2 Nc6 46. Ndxe4 dxe4 47. d5 Ne5 48. Qxe4 Qxe4 49. Nxe4 Kg6 50. Nc5 Nc4 51. Nxb7 Kf6 52. Nc5 Ke5 53. Nxa6 Nxb2 54. Nc7 Nc4 55. a4 Kd6 56. Ne6 Nb6 57. a5 Nxd5 58. Nxg5 Kc5 59. Nf3 Kb5 60. Nxh4 Kxa5 61. Kf1 Kb5 62. Ke2 Kc5 63. Kf3 Kd6 64. Ng6 Nf6 65. Nxf4 Ke5 66. Nd3+ Kd4 67. Nc1 Ke5 68. Ne2 Ne4 69. g4 Ng5+ 70. Kg2 Ke4 71. Kg3 Kd3 72. Ng1 Ke4 73. h4 Ne6 74. Nh3 Nd4 75. Ng5+ Kd5 76. Kf4 Kd6 77. Ke4 Nc6 78. f4 Ke7 79. Nf3 Kf6 80. h5 Kg7 81. Nd4 Nd8 82. g5 Nf7 83. Kd5 Kh8 84. Nf5 Nd8 85. Nd6 Kg7 86. f5 Kh8 87. f6 Kg8 88. g6 Kh8 89. Nf7+ Nxf7 90. gxf7 Kh7 91. Ke6 1-0